Map: Galactic Process LE

Players

Nickos

  • Race: Terran Terran
  • League: Silver

iacka - Winner!

  • Race: Protoss Protoss
  • League: Gold

VOD

Have the link to the VOD?

Description

Time

  • Played on: Sept. 16, 2016, 5:09 a.m.
  • Length: 22:14
Show
View Real Time Build Order
Export as new Build Order

Nickos Terran 

Build Orders: MMM Bio 

Get SALT Encoding   

  12  0:01  SCV  
  13  0:13  SCV  
  14  0:20  Supply Depot  
  14  0:25  SCV  
  15  0:41  SCV  
  16  0:43  Barracks  
  16  0:53  SCV  
  17  1:05  SCV  
  18  1:21  Command Center  
  18  1:32  Marine  
  19  1:34  Supply Depot  
  19  1:45  Orbital Command  
  19  1:56  Marine  
  20  2:06  Barracks  
  19  2:11  SCV  
  19  2:13  Marine  
  21  2:22  Barracks  
  21  2:26  Refinery  
  21  2:28  Refinery  
  21  2:31  SCV  
  22  2:41  Orbital Command  
  22  2:43  SCV  
  23  2:54  Marine x2  
  25  2:59  SCV  
  26  3:09  Bunker  
  26  3:11  SCV  
  27  3:16  Barracks Tech Lab  
  27  3:19  SCV  
  30  3:23  SCV  
  30  3:25  Barracks Reactor  
  30  3:26  Barracks Reactor  
  29  3:31  SCV  
  30  3:35  SCV, Factory  
  31  3:43  SCV  
  31  3:47  SCV  
  33  3:53  Stimpack  
  33  3:55  SCV  
  34  4:00  Marauder, SCV  
  37  4:04  Supply Depot  
  37  4:06  Marine x4  
  37  4:07  SCV  
  42  4:12  SCV  
  43  4:19  SCV  
  43  4:24  SCV  
  45  4:31  SCV  
  45  4:32  Supply Depot, Marine x2  
  45  4:33  Factory Reactor, Supply Depot, Marine x2  
  45  4:36  Starport, SCV  
  45  4:38  Marine  
  52  4:44  SCV  
  53  4:48  SCV  
  54  4:54  Marine x4  
  54  4:56  SCV, Marine  
  54  4:59  Supply Depot  
  60  5:00  Supply Depot  
  60  5:01  SCV  
  61  5:08  SCV  
  61  5:11  Marine x4  
  61  5:13  SCV  
  67  5:15  Marine  
  67  5:20  SCV  
  65  5:25  SCV  
  66  5:33  Medivac x2  
  66  5:34  Marine x3  
  66  5:35  Marine  
  74  5:40  Engineering Bay x2  
  74  5:42  Barracks, SCV  
  75  5:43  SCV  
  75  5:44  Marine  
  77  5:57  SCV x2  
  77  6:04  Command Center  
  79  6:07  Combat Shields  
  79  6:09  SCV  
  79  6:10  Medivac, SCV  
  83  6:15  Marine x3  
  86  6:18  Terran Infantry Weapons Level 1  
  86  6:22  Terran Infantry Armor Level 1  
  86  6:33  Barracks Tech Lab  
  86  6:37  Barracks  
  86  6:47  SCV x2, Marine x2  
  86  6:48  Supply Depot, Marauder  
  86  6:54  Missile Turret, Marine  
  92  6:56  Widow Mine, Missile Turret  
  92  6:59  Medivac, SCV x2  
  99  7:12  SCV x2  
  101  7:15  Marine  
  101  7:16  Marine x5  
  107  7:24  SCV  
  107  7:27  Orbital Command  
  107  7:29  Marine  
  107  7:33  Marine  
  107  7:35  Marauder  
  109  7:51  Marine x2  
  109  7:53  Barracks Reactor  
  111  8:03  Marine  
  111  8:04  Marauder  
  111  8:05  Medivac x2, Marauder  
  119  8:07  SCV x2  
  119  8:08  SCV  
  122  8:14  Barracks  
  122  8:16  Barracks x2  
  122  8:19  SCV, Marine x2  
  125  8:31  Command Center  
  125  8:38  Supply Depot  
  125  8:39  Supply Depot  
  125  8:42  Supply Depot  
  125  8:53  Marine  
  125  8:55  Marine  
  125  8:57  Marine  
  125  8:58  SCV  
  125  8:59  Medivac, Marine x2  
  125  9:00  Marauder, SCV x2  
  130  9:04  Supply Depot  
  130  9:05  Medivac  
  132  9:10  SCV  
  132  9:12  SCV x2  
  132  9:15  Marine x3  
  137  9:24  Marine x3  
  137  9:25  Marine x2  
  137  9:29  Medivac  
  144  9:32  Marine  
  144  9:33  Marine  
  144  9:34  Marine  
  144  9:35  Medivac  
  149  9:41  Barracks Tech Lab  
  149  9:42  Marine x3  
  152  9:50  Marine  
  157  9:54  Barracks Reactor x2  
  157  9:56  Marine x4  
  157  9:59  Medivac  
  159  10:02  Supply Depot  
  159  10:04  Supply Depot  
  159  10:06  Marine  
  160  10:07  Marine x3  
  160  10:08  Marine  
  160  10:13  Widow Mine  
  166  10:23  Marine  
  166  10:24  Marine x3  
  166  10:26  Marauder  
  172  10:31  SCV x2  
  172  10:32  SCV  
  175  10:41  Marine  
  175  10:42  Widow Mine, Marauder x2, Marine  
  181  10:47  Marine x4  
  181  10:48  Marine  
  188  10:59  Marine  
  177  11:11  Widow Mine  
  140  11:15  Marine x5  
  140  11:16  Marine x3  
  146  11:20  Marauder x3  
  146  11:21  Marine  
  146  11:22  Marine  
  154  11:32  Marine  
  154  11:33  Marine x5  
  154  11:34  Marine x2  
  154  11:39  Widow Mine, Marine  
  163  11:40  Marine  
  163  11:41  Medivac, Marauder x2  
  163  11:42  Marauder  
  174  11:49  Barracks x2  
  174  11:50  Marine  
  174  11:51  Barracks  
  174  11:52  Barracks  
  175  11:55  Marine x5  
  175  11:56  Marine x2  
  175  11:57  Marine x2  
  175  12:00  Supply Depot  
  184  12:02  Marine, Marauder  
  184  12:03  Marauder  
  184  12:05  Planetary Fortress  
  184  12:08  Widow Mine, Command Center, Marine  
  191  12:12  Marine  
  191  12:13  Marine x3  
  191  12:15  Missile Turret x2  
  196  12:18  Missile Turret  
  196  12:21  Marine x4  
  200  12:24  Armory  
  200  12:28  Command Center  
  200  12:40  Barracks Reactor x2  
  200  12:41  Barracks Reactor  
  200  12:43  Barracks Reactor  
  200  14:04  SCV x2, Marine x2  
  200  14:09  Liberator x2  
  122  14:18  Marine x3  
  122  14:19  Marine x4  
  122  14:21  Marine x3  
  122  14:22  Marine x4  
  122  14:23  Marine x3  
  122  14:24  Marine x3  
  126  14:25  Marine  
  135  14:38  Marine  
  135  14:39  Marine x5  
  135  14:40  Marine x3  
  135  14:41  Marine x5  
  135  14:42  Marine x5  
  135  14:43  Marine  
  135  14:44  Marauder  
  157  14:52  Liberator  
  157  14:58  Marine x3  
  157  14:59  Marine x5  
  164  15:00  Marine x2  
  164  15:01  Marauder x2  
  164  15:04  Barracks x3  
  164  15:05  Marauder  
  173  15:07  Planetary Fortress  
  173  15:11  Marine x3  
  173  15:12  Missile Turret, Marine x5  
  180  15:22  Marauder x2  
  180  15:26  Marauder  
  180  15:27  SCV x3  
  180  15:28  SCV  
  190  15:37  Marine x5  
  190  15:38  Marine x5  
  198  15:43  Marauder  
  198  15:49  Marine x2  
  171  16:13  Marine x4  
  171  16:14  Marine x2  
  171  16:15  Marine x2  
  171  16:16  Marine x4  
  145  16:21  Marine x4  
  145  16:22  Marine x2  
  146  16:27  Marine x2  
  146  16:28  Marine x4  
  146  16:31  Marine x2  
  149  16:40  Marine x4  
  149  16:45  Refinery  
  153  16:47  Refinery  
  153  16:49  Marine x4  
  153  16:50  Marine  
  153  16:53  Marine x2  
  153  16:54  Marine x5  
  161  16:55  Marine x5  
  161  16:56  Marine x3  
  161  16:57  Marine  
  161  16:58  Marine x3  
  177  17:07  Marine x5  
  173  17:21  Marine x4  
  173  17:22  Marine x5  
  151  17:23  Marine x4  
  151  17:24  Marine x5  
  151  17:25  Marine  
  144  17:37  Marine x5  
  136  17:39  Marine  
  136  17:43  Marine x4  
  136  17:44  Marine x4  
  147  17:45  Marine x2  
  147  17:49  Marine x2  
  147  17:50  Marine x5  
  147  17:51  Marine  
  160  17:54  Marine  
  160  17:55  Marine x4  
  160  17:56  Marine  
  144  18:01  Marine x3  
  144  18:03  Marine x2  
  144  18:04  Marine x5  
  150  18:07  Marine x3  
  150  18:08  Marine x4  
  150  18:12  SCV x4  
  161  18:13  SCV  
  161  18:14  Marine x4  
  161  18:15  Marine x3  
  161  18:19  Marine x2  
  171  18:22  Refinery  
  171  18:24  Refinery  
  157  18:34  Marine x3  
  157  18:35  Marine  
  130  18:45  Marine x2  
  130  18:46  Refinery x2, Marine x4  
  130  18:47  Marine x5  
  130  18:48  Marine x3  
  113  18:49  Marine  
  113  18:50  Marine x4  
  106  18:55  Marine  
  106  18:56  Marine x3  
  106  19:00  Marine  
  111  19:03  Marine x3  
  111  19:04  Marine x3  
  106  19:19  Marine x4  
  106  19:20  Marine x2  
  106  19:22  Marine x5  
  106  19:23  Marine x4  
  106  19:24  Marine  
  105  19:31  Marine  
  105  19:32  Marine x3  
  105  19:33  Marine x2  
  105  19:37  Marine x5  
  105  19:38  Marine  
  115  19:39  Barracks, Marine  
  115  19:40  Marine x4  
  115  19:43  Barracks x2  
  115  19:44  Marine x3  
  115  19:45  Marine x2  
  125  19:46  Terran Infantry Weapons Level 2  
  125  19:47  Terran Infantry Armor Level 2  
  125  19:49  Marine x2  
  125  19:50  Marine  
  117  20:14  Barracks  
  117  20:16  Barracks x2  
  117  20:22  Marine x4  
  117  20:23  Marine x4  
  117  20:24  Marine x5  
  117  20:25  Marine  
  117  20:28  Marine x4  
  135  20:41  Marine x2  
  135  20:42  Marine x5  
  140  20:43  Marine x5  
  140  20:44  Marine x3  
  140  20:47  Command Center  
  150  20:50  Command Center  
  150  20:51  Barracks x2  
  150  20:54  Barracks  
  150  21:02  Marine x3  
  150  21:03  Marine x3  
  155  21:21  Marine x3  
  155  21:22  Marine x4  
  155  21:23  Marine x2  
  152  21:36  Marine x3  
  152  21:37  Marine x2  
  152  21:39  Marine x3  
  136  21:40  Marine x4  
  136  21:41  Marine x4  
  136  21:46  Marine x3  
  106  21:47  Marine x4  
  106  21:48  Marine  
  100  21:54  Marine x3  
Show
View Real Time Build Order
Export as new Build Order

iacka Protoss - Winner!

Build Orders:  

Get SALT Encoding   

  12  0:01  Probe (Chrono Boost)  
  13  0:11  Probe (Chrono Boost)  
  14  0:21  Pylon  
  14  0:23  Probe (Chrono Boost)  
  15  0:39  Probe (Chrono Boost)  
  15  0:42  Gateway  
  17  0:50  Probe (Chrono Boost)  
  17  0:51  Pylon  
  17  1:00  Probe (Chrono Boost)  
  17  1:02  Assimilator  
  18  1:11  Probe (Chrono Boost)  
  19  1:18  Pylon  
  19  1:21  Probe (Chrono Boost)  
  19  1:34  Cybernetics Core  
  19  1:35  Probe (Chrono Boost)  
  20  1:43  Gateway  
  20  1:46  Probe (Chrono Boost), Assimilator  
  22  2:13  Mothership Core (Chrono Boost)  
  23  2:18  Warp Gate  
  23  2:26  Gateway  
  23  2:31  Probe (Chrono Boost)  
  23  2:35  Gateway  
  24  2:43  Adept  
  26  2:47  Stalker  
  29  2:52  Probe (Chrono Boost)  
  29  3:01  Forge  
  29  3:05  Pylon  
  29  3:15  Probe (Chrono Boost)  
  30  3:23  Adept  
  32  3:32  Pylon  
  32  3:40  Protoss Ground Weapons Level 1  
  32  3:44  Nexus  
  32  3:48  Probe (Chrono Boost)  
  32  4:21  Stalker  
  32  4:22  Stalker x2  
  32  4:23  Sentry  
  40  4:41  Probe (Chrono Boost)  
  40  4:44  Pylon  
  41  4:47  Robotics Facility  
  42  4:53  Probe (Chrono Boost), Pylon  
  42  5:02  Probe (Chrono Boost)  
  42  5:05  Probe (Chrono Boost)  
  44  5:12  Probe (Chrono Boost)  
  45  5:17  Probe (Chrono Boost)  
  42  5:29  Stalker x3  
  48  5:36  Twilight Council  
  48  5:41  Warp Prism  
  50  5:45  Probe (Chrono Boost)  
  50  5:46  Probe (Chrono Boost)  
  53  5:58  Probe (Chrono Boost)  
  53  6:01  Resonating Glaives  
  53  6:02  Pylon  
  53  6:05  Pylon  
  53  6:06  Gateway  
  54  6:11  Probe (Chrono Boost)  
  54  6:13  Probe (Chrono Boost)  
  55  6:24  Probe (Chrono Boost)  
  57  6:26  Probe (Chrono Boost)  
  57  6:28  Assimilator  
  57  6:30  Adept x2  
  61  6:34  Observer  
  64  6:40  Probe (Chrono Boost)  
  64  6:41  Probe (Chrono Boost)  
  64  6:45  Assimilator  
  64  6:50  Probe (Chrono Boost)  
  64  6:53  Probe (Chrono Boost)  
  66  6:56  Gateway  
  66  7:20  Adept x3  
  66  7:21  Adept x2  
  70  7:57  Gateway x2  
  70  8:02  Probe (Chrono Boost)  
  71  8:13  Protoss Ground Weapons Level 2  
  71  8:18  Forge  
  71  8:19  Robotics Bay  
  71  8:23  Probe (Chrono Boost)  
  71  8:24  Probe (Chrono Boost)  
  73  8:38  Nexus  
  73  8:43  Adept x3  
  73  8:44  Adept x3  
  71  9:14  Adept  
  71  9:15  Adept x5  
  81  9:22  Protoss Ground Armor Level 1  
  81  9:25  Disruptor  
  84  9:33  Pylon  
  84  9:37  Pylon  
  84  9:38  Adept x3  
  86  9:39  Stalker x2  
  86  9:43  Pylon  
  94  9:46  Pylon  
  94  9:50  Pylon  
  94  9:54  Pylon  
  94  9:57  Extended Thermal Lance  
  94  10:01  Assimilator  
  94  10:03  Probe (Chrono Boost)  
  94  10:04  Probe (Chrono Boost)  
  94  10:05  Assimilator  
  96  10:25  Adept, Protoss Shields Level 1  
  96  10:26  Adept x2  
  96  10:27  Adept x2  
  96  10:28  Adept x2  
  110  10:39  Stargate  
  110  10:41  Stargate  
  110  10:42  Probe (Chrono Boost)  
  112  10:43  Probe (Chrono Boost)  
  79  11:22  Adept x3  
  79  11:23  Adept x4  
  93  11:31  Robotics Facility  
  93  11:32  Protoss Ground Weapons Level 3, Robotics Facility  
  92  11:52  Disruptor  
  95  12:12  Protoss Ground Armor Level 2  
  95  12:19  Colossus, Disruptor  
  104  12:23  Adept, Stalker x3  
  112  12:31  Probe (Chrono Boost)  
  112  12:32  Probe (Chrono Boost)  
  114  12:44  Phoenix x2  
  114  12:47  Pylon  
  118  12:59  Pylon  
  118  13:07  Colossus  
  124  13:18  Disruptor  
  127  13:20  Disruptor  
  130  13:34  Nexus  
  130  13:51  Observer, Protoss Shields Level 2  
  89  14:36  Observer  
  89  14:37  Disruptor  
  89  14:41  Disruptor  
  93  15:01  Colossus  
  99  15:31  Assimilator  
  99  15:33  Assimilator  
  99  15:46  Adept x4  
  99  15:47  Adept x3  
  113  15:51  Blink  
  82  16:30  Phoenix x2  
  82  16:31  Stalker  
  82  16:32  Stalker x6  
  100  16:55  Stalker x2  
  100  16:59  Zealot x5  
  100  17:00  Zealot  
  100  17:01  Nexus  
  92  18:04  Adept x3  
  92  18:05  Adept x5  
  106  18:38  Colossus  
  90  18:45  Colossus  
  86  18:55  Probe (Chrono Boost)  
  89  18:56  Probe x2 (Chrono Boost)  
  89  19:08  Probe (Chrono Boost)  
  84  19:36  Adept x3  
  84  19:37  Adept x5  
  100  19:40  Pylon  
  100  19:43  Pylon  
  96  20:01  Assimilator  
  96  20:03  Charge  
  96  20:09  Adept x3  
  96  20:10  Adept x3  
  108  20:15  Colossus  
  108  20:17  Disruptor x2  
  108  20:24  Nexus  
  120  20:31  Zealot x3  
  120  20:32  Zealot x5  
  136  21:07  Adept  
  136  21:08  Adept x2  
Tags
 
Add a new tag
Caveats
  • Supply blocks, unpowered buildings, or Contaminate may cause inaccurate times.
  • Supply counts are checked every 10 seconds.